 Dungeon Sprint DCSS version 0.21.1-1-g345015f (webtiles) character file.

4500000 Fang the Sabretooth (level 16, -121/100 HPs)
             Began as a Felid Fighter on Apr 11, 2018.
             Was a High Priest of Makhleb.
             Annihilated by a sculptor of flesh
             ... wielding a +9 great sword
              (221 damage)
             ... in the Dungeon (Sprint VIII: "Arena of Blood").
             The game lasted 00:00:37 (45 turns).

Fang the Sabretooth (Felid Fighter)                   Turns: 45, Time: 00:00:37

Health: -121/100   AC:  3    Str: 17    XL:     16   Next: 72%
Magic:  45/48      EV: 39    Int: 10    God:    Makhleb [*****.]
Gold:   0          SH:  0    Dex: 17    Spells: 69/69 levels left
                                        Lives:  0   Deaths: 4

rFire    . . .     SeeInvis +     - Unarmed
rCold    + . .     Gourm    .   (shield unavailable)
rNeg     . . .     Faith    .   (armour unavailable)
rPois    .         Spirit   .   (helmet unavailable)
rElec    .         Reflect  .   (cloak unavailable)
rCorr    .         Harm     .   (gloves unavailable)
MR       ++...     NoTele   +   (boots unavailable)
Stlth    +++++++++.             (no amulet)
HPRegen  0.26/turn              i - +27000 ring of slaying
MPRegen  0.31/turn              (no ring)

@: quick
A: very small, no armour, no weapons or thrown items, stealth, claws 1, fangs 3,
see invisible, carnivore, speed 1, shaggy fur 3, slow metabolism 1, sharp paws
a: Minor Destruction, Lesser Servant of Makhleb, Major Destruction, Greater
Servant of Makhleb, Renounce Religion


You were in the Dungeon.
You worshipped Makhleb.
Makhleb was extremely pleased with you.
You were not hungry.

You visited 1 branch

Inventory:

Jewellery
 i - a +27000 ring of slaying (left paw)
Scrolls
 h - a scroll of blinking
Potions
 a - a potion of might
 c - a potion of curing
 d - a potion of heal wounds
 e - a potion of haste
 f - 2 potions of magic
 g - a potion of berserk rage
Comestibles
 b - a ration


   Skills:
 O Level 27 Fighting
 O Level 27 Dodging
 O Level 27 Stealth
 O Level 27 Unarmed Combat
 O Level 27 Spellcasting
 O Level 27 Invocations


You had 69 spell levels left.
You didn't know any spells.

Dungeon Overview and Level Annotations

Branches:
Dungeon (1/1)

Altars:
Makhleb

Annotations:
D The Servant


Innate Abilities, Weirdness & Mutations

You cannot wear armour.
You are incapable of wielding weapons or throwing items.
Your paws allow you to move quietly. (Stealth)
You have sharp claws.
You have razor-sharp teeth.
You have supernaturally acute eyesight. (SInv)
You are carnivorous and can eat meat at any time.
You cover ground quickly.
Your thick and shaggy fur keeps you warm. (AC +3, rC+)
You have a slow metabolism.
Your sharp claws are effective at attacking unaware monsters.


Message History

The sculptor of flesh appears out of thin air!
A sculptor of flesh comes into view. It is wielding a +9 great sword.
You hear a shout! x7
A sculptor of flesh comes into view. It is wielding a +9 great sword.
You hear a shout! x4
The destroyer blinks!
You hear a shout! x2
You see here an uncursed ring of see invisible.
You eviscerate the destroyer!!!!!!!!!!!
You destroy the destroyer!
Makhleb accepts your kill.
You can now summon a greater servant of Makhleb.
You have mastered Spellcasting!
You have mastered Invocations!
You cannot train any new skill.
Welcome back to level 16!
You hear a shout! x8
You hear a shout! x3
The sculptor of flesh hits you with a +9 great sword!!!!!
Ouch! That really hurt!
You die...

#################
###.......=.......####
.........z@..........#
.......##O##.#####z....
.......oOo..O.... ....
####..ooo##.##.........
........o.o............
#.o........#.#.z..... .
#O.......oOo.......####
.#..........o.oo%......
o.#........o..o........


You could see a sculptor of flesh, a large bag of meat (inner flame), a meat
berserker (berserk) and 6 bags of meat.

Vanquished Creatures
  A vampire knight (D)
  3 ogres (D)
  A two-headed ogre (D)
  11 orcs (D)
16 creatures vanquished.

Notes
Turn   | Place    | Note
-------+----------+-------------------------------------------
     0 | D        | Fang the Felid Fighter began the quest for the Orb.
     0 | D        | Reached XP level 1. HP: 10/10 MP: 2/2
     3 | D        | Noticed a bag of meat
     4 | D        | Became a worshipper of Makhleb the Destroyer
     5 | D        | Noticed a meat berserker
     6 | D        | Noticed a bag of meat
     8 | D        | Noticed a bag of meat
     8 | D        | Killed a meat berserker
     8 | D        | Reached skill level 15 in Fighting
     8 | D        | Reached XP level 2. HP: 27/27 MP: 3/3
     8 | D        | Reached XP level 3. HP: 30/30 MP: 4/4
     8 | D        | Reached XP level 4. HP: 34/34 MP: 5/5
     8 | D        | Reached XP level 5. HP: 38/38 MP: 6/6
     8 | D        | Gained mutation: You are covered in thick fur. (AC +2) [Felid growth]
     8 | D        | Reached XP level 6. HP: 42/42 MP: 7/7
     8 | D        | Reached XP level 7. HP: 46/46 MP: 8/8
     8 | D        | Reached XP level 8. HP: 50/50 MP: 9/9
     8 | D        | Reached XP level 9. HP: 54/54 MP: 10/10
     8 | D        | Reached XP level 10. HP: 58/58 MP: 11/11
     8 | D        | Reached XP level 11. HP: 62/62 MP: 12/12
     8 | D        | Gained mutation: Your thick and shaggy fur keeps you warm. (AC +3, rC+) [Felid growth]
     8 | D        | Reached XP level 12. HP: 66/66 MP: 13/13
     8 | D        | Reached XP level 13. HP: 70/70 MP: 14/14
     9 | D        | Killed a bag of meat
     9 | D        | Reached * piety under Makhleb
    10 | D        | Noticed a meat berserker
    10 | D        | Noticed a bag of meat
    11 | D        | Noticed a bag of meat
    11 | D        | Noticed a meat berserker
    11 | D        | Killed a bag of meat
    11 | D        | Reached skill level 27 in Unarmed Combat
    11 | D        | Reached XP level 14. HP: 78/78 MP: 15/15
    12 | D        | Noticed a bag of meat
    12 | D        | Noticed a bag of meat
    13 | D        | Noticed a bag of meat
    13 | D        | Killed a bag of meat
    14 | D        | Noticed a bag of meat
    15 | D        | Noticed a meat berserker
    15 | D        | Noticed a bag of meat
    15 | D        | Mangled by a meat berserker
    16 | D        | Reached XP level 13. HP: -12/77 MP: 14/14
    17 | D        | Killed a bag of meat
    17 | D        | Reached ** piety under Makhleb
    17 | D        | Reached XP level 14. HP: 84/84 MP: 15/15
    18 | D        | Killed a meat berserker
    18 | D        | Reached skill level 27 in Fighting
    18 | D        | Reached skill level 27 in Dodging
    18 | D        | Reached XP level 15. HP: 95/95 MP: 16/16
    19 | D        | Noticed a meat berserker
    20 | D        | Noticed a meat berserker
    20 | D        | Annihilated by a meat berserker
    21 | D        | Reached XP level 14. HP: -34/91 MP: 15/15
    21 | D        | Noticed a bag of meat
    21 | D        | Noticed a bag of meat
    21 | D        | Noticed a bag of meat
    21 | D        | Noticed a bag of meat
    21 | D        | Noticed a bag of meat
    21 | D        | Noticed a large bag of meat
    21 | D        | Noticed a bag of meat
    21 | D        | Noticed a bag of meat
    21 | D        | Noticed a bag of meat
    21 | D        | Noticed a bag of meat
    21 | D        | Noticed a meat berserker
    21 | D        | Noticed a bag of meat
    22 | D        | Noticed a bag of meat
    22 | D        | Noticed a bag of meat
    22 | D        | Noticed a bag of meat
    22 | D        | Noticed a bag of meat
    22 | D        | Noticed a bag of meat
    22 | D        | Noticed a bag of meat
    23 | D        | Noticed a bag of meat
    23 | D        | Noticed a bag of meat
    23 | D        | Noticed a large bag of meat
    23 | D        | Killed a bag of meat
    24 | D        | Killed a bag of meat
    24 | D        | Reached *** piety under Makhleb
    24 | D        | Reached XP level 15. HP: 95/95 MP: 15/31
    25 | D        | Killed a large bag of meat
    25 | D        | Reached skill level 15 in Spellcasting
    26 | D        | Reached XP level 16. HP: 91/100 MP: 15/37
    27 | D        | Noticed a large bag of meat
    27 | D        | Noticed a large bag of meat
    28 | D        | Killed a meat berserker
    28 | D        | Reached **** piety under Makhleb
    28 | D        | Reached skill level 27 in Stealth
    28 | D        | Noticed a large bag of meat
    29 | D        | Reached XP level 17. HP: 77/104 MP: 15/42
    31 | D        | Noticed The Servant
    33 | D        | Noticed a destroyer
    33 | D        | Annihilated by a large bag of meat
    34 | D        | Reached XP level 16. HP: -53/100 MP: 16/45
    36 | D        | Noticed a large bag of meat
    36 | D        | Annihilated by a destroyer
    37 | D        | Reached XP level 15. HP: -30/95 MP: 44/44
    41 | D        | Noticed a meat berserker
    41 | D        | Noticed a sculptor of flesh
    43 | D        | Noticed a sculptor of flesh
    43 | D        | Noticed a sculptor of flesh
    44 | D        | Killed a destroyer
    44 | D        | Reached ***** piety under Makhleb
    44 | D        | Reached skill level 27 in Spellcasting
    44 | D        | Reached skill level 27 in Invocations
    44 | D        | Reached XP level 16. HP: 100/100 MP: 44/48
    45 | D        | Annihilated by a sculptor of flesh

Skill      XL: |  1  2  3  4  5  6  7  8  9 10 11 12 13 14 15 16 17 |
---------------+----------------------------------------------------+-----
Fighting       | 15 22 27 | 27.0
Dodging        | 19 26 27 | 27.0
Unarmed Combat | 23 27 | 27.0
Stealth        | 16 24 27 | 27.0
Spellcasting   | 11 27 20 24 | 27.0
Invocations    | 12 27 22 26 | 27.0

Action                   |  1- 3 |  4- 6 |  7- 9 | 10-12 | 13-15 | 16-18 || total
-------------------------+-------+-------+-------+-------+-------+-------++-------
Melee: Unarmed           |     1 |       |       |       |    10 |     5 ||    16
Dodge: Dodged            |       |       |       |       |     2 |     4 ||     6
